[Event "*** Titled Tuesday Blitz"]
[Site "Chess.com"]
[Date "2020.11.24"]
[Round "1"]
[White "frederiksvane"]
[Black "AsaHoffmann"]
[Result "1-0"]
[WhiteElo "2725"]
[BlackElo "2380"]
[TimeControl "180+1"]
[EndTime "10:21:36 PST"]
[Termination "frederiksvane won by resignation"]

1. e4 d6 2. d4 c6 3. Nf3 Bg4 4. Nbd2 Nf6 5. Bd3 e6 6. h3 Bh5 7. O-O d5 8. c3 Be7 9. Qe2 O-O 10. Re1 Nbd7 11. exd5 cxd5 12. Qf1 a6 13. Ne5 Nxe5 14. dxe5 Nd7 15. Nb3 Nc5 16. Be3 Nxd3 17. Qxd3 Bg6 18. Qd2 Rc8 19. Nd4 Qc7 20. Bf4 Bc5 21. Re2 Bxd4 22. Qxd4 Qc4 23. Rd2 b5 24. Be3 Qxd4 25. Bxd4 Rc6 26. f3 Rb8 27. b4 Rbc8 28. a4 h6 29. Kf2 Rc4 30. axb5 axb5 31. Ra5 Rb8 32. g4 Rb7 33. Rda2 Kh7 34. R2a3 Rb8 35. Ke3 Rb7 36.
Ra7 Rcc7 37. Ra8 Bc2 38. Rd8 Ra7 39. Rxa7 Rxa7 40. Bxa7 1-0

[Event "*** Titled Tuesday Blitz"]
[Site "Chess.com"]
[Date "2020.11.24"]
[Round "1"]
[White "MasterMK73"]
[Black "Mikhail_Golubev"]
[Result "0-1"]
[WhiteElo "2290"]
[BlackElo "2587"]
[TimeControl "180+1"]
[EndTime "10:21:37 PST"]
[Termination "Mikhail_Golubev won by resignation"]

1. e4 c5 2. Nf3 d6 3. Bb5+ Bd7 4. Bxd7+ Nxd7 5. O-O Ngf6 6. Qe2 e6 7. c3 Be7 8. d4 cxd4 9. cxd4 d5 10. e5 Ne4 11.
Nbd2 Nxd2 12. Bxd2 O-O 13. Rac1 Qb6 14. Bc3 Qa6 15. Qxa6 bxa6 16. Ba5 Rfc8 17. h3 Nb6 18. Bxb6 axb6 19. h4 h6 20. g3 Kf8 21. Nd2 Ke8 22. f4 Kd7 23. Kf2 g5 24. hxg5 hxg5 25. Ke3 gxf4+ 26. gxf4 Rg8 27. Rf3 Rg2 28. Rh1 Rc8 29.
Kd3 Bb4 30. Nb3 Rxb2 31. Rh7 Rxa2 32. Nc5+ bxc5 33. Rxf7+ Ke8 34. Rh7 c4+ 35. Ke3 Ra3+ 36. Kf2 Rxf3+ 37. Kxf3 c3 38. Rh8+ Kd7 39. Rh7+ Be7 40.
f5 exf5 0-1

[Event "*** Titled Tuesday Blitz"]
[Site "Chess.com"]
[Date "2020.11.24"]
[Round "1"]
[White "Escanor89"]
[Black "Zarinur"]
[Result "0-1"]
[WhiteElo "2512"]
[BlackElo "2220"]
[TimeControl "180+1"]
[EndTime "10:21:37 PST"]
[Termination "Zarinur won by resignation"]

1. Nf3 Nf6 2. c4 e6 3. Nc3 d5 4. d4 a6 5. cxd5 exd5 6. Bg5 Be6 7. Qb3 Ra7 8. e3 Be7 9. Bd3 Nbd7 10. O-O O-O 11.
Rac1 h6 12. Bh4 Nb6 13. Ne5 Ra8 14. Na4 Nxa4 15. Qxa4 c6 16. Qb3 Qc8 17. Bb1 Re8 18. Qd3 Ne4 19. f3 Bxh4 20. fxe4 g6 21. exd5 Bf5 22. e4 Bg4 23. dxc6 bxc6 24. Nxf7 Qe6 25. Nxh6+ Kg7 26. Nxg4 Qxg4 27. Rxc6 Rac8 28. Rxc8 Rxc8 29.
h3 Qd7 30. e5 Qe6 31. d5 Qb6+ 32.
Kh1 Rf8 33. Rxf8 Kxf8 34. Qf3+ Kg7 35. d6 Qxb2 36. Qe4 Qc1+ 37. Kh2 Qg5 38. d7 Bg3+ 39. Kg1 Qc1+ 0-1

[Event "*** Titled Tuesday Blitz"]
[Site "Chess.com"]
[Date "2020.11.24"]
[Round "1"]
[White "bylavochka"]
[Black "PlotnikovPavel"]
[Result "1-0"]
[WhiteElo "2149"]
[BlackElo "2488"]
[TimeControl "180+1"]
[EndTime "10:21:37 PST"]
[Termination "bylavochka won by checkmate"]

1. e4 e5 2. Nf3 Nc6 3. Bc4 Nf6 4. Nc3 Nxe4 5. Nxe4 d5 6. Bxd5 Qxd5 7. Nc3 Qa5 8. h3 Bf5 9. O-O O-O-O 10. Nh4 Be6 11. d3 Be7 12. Nf3 f6 13. Bd2 Qa6 14. a3 Nd4 15. Nxd4 exd4 16. Ne4 h6 17. Re1 Bd5 18.
Bb4 Rde8 19. Bxe7 Rxe7 20. Qg4+ Kb8 21. Nd2 Rhe8 22. Rxe7 Rxe7 23. Qxd4 Qc6 24. c4 Re2 25. cxd5 Qe8 26. Ne4 f5 27. Nc5 b6 28. Ne6 Qd7 29. Qc4 Re5 30. Rc1 Rxd5 31. Nxc7 Rc5 32. Na6+ Kb7 33. Nxc5+ bxc5 34. Qxc5 Qxd3 35. Qc6+ Kb8 36. Qc8# 1-0

[Event "*** Titled Tuesday Blitz"]
[Site "Chess.com"]
[Date "2020.11.24"]
[Round "1"]
[White "keepitcoming"]
[Black "esapunov"]
[Result "0-1"]
[WhiteElo "2409"]
[BlackElo "2793"]
[TimeControl "180+1"]
[EndTime "10:21:39 PST"]
[Termination "esapunov won by checkmate"]

1. d4 Nf6 2. c4 g6 3. Nc3 Bg7 4.
e4 O-O 5. f3 d6 6. Nge2 Nc6 7.
Be3 a6 8. Qd2 Rb8 9. Ng3 e5 10. d5 Nd4 11. Nge2 Nxe2 12. Bxe2 Nh5 13. g4 Nf4 14. O-O h5 15. Bxf4 exf4 16. Qxf4 Be5 17. Qe3 hxg4 18. f4 Bg7 19. Kh1 Qh4 20. Rg1 Bd7 21.
Rg3 Rbe8 22. Qa7 Bc8 23. Bd3 f5 24. c5 Bxc3 25. bxc3 fxe4 26. cxd6 exd3 27. dxc7 Re2 28. Rg2 Bf5 29. Qd4 Be4 30. d6 Bxg2+ 31. Kg1 Bc6 32. Qc4+ Kh7 33. Qxd3 Qxh2+ 34. Kf1 Qf2# 0-1

[Event "*** Titled Tuesday Blitz"]
[Site "Chess.com"]
[Date "2020.11.24"]
[Round "1"]
[White "albi1999"]
[Black "Zajdanek"]
[Result "1-0"]
[WhiteElo "2609"]
[BlackElo "2315"]
[TimeControl "180+1"]
[EndTime "10:21:39 PST"]
[Termination "albi1999 won by resignation"]

1. d4 f5 2. g3 Nf6 3. Bg2 g6 4. Nf3 Bg7 5. O-O O-O 6. b3 d6 7. Bb2 a5 8. c4 a4 9. Nbd2 a3 10. Bc3 Nc6 11. d5 Nb8 12. Qc2 h6 13. e4 fxe4 14.
Nxe4 Nxe4 15. Bxg7 Kxg7 16. Qxe4 Bf5 17. Qd4+ Kh7 18.
Rae1 Rf7 19. Nh4 Qd7 20. Nxf5 gxf5 21. Re6 Qd8 22. Qe3 Qf8 23. Re1 Nd7 24. Rxe7 Ne5 25. Rxf7+ Qxf7 26. h3 b6 27. f4 Ng6 28. h4 Rf8 29.
Kf2 Qf6 30. Re2 Rf7 31. h5 Nf8 32. Qe8 Kg7 33. Bf3 Nd7 34. Qe6 Qd4+ 35. Kg2 Qf6 36. Qxf6+ Nxf6 37. Re6 Rd7 38. Kf2 Kf7 39. Ke3 Rd8 40.
Kf2 Rg8 41. Re3 Ra8 42. Ke2 Nd7 43. Kd2 Rg8 44. Bd1 Nc5 45. Bc2 Kf6 46. b4 Na6 47. Kc3 1-0

[Event "*** Titled Tuesday Blitz"]
[Site "Chess.com"]
[Date "2020.11.24"]
[Round "1"]
[White "TST2014"]
[Black "halldorgretar"]
[Result "1-0"]
[WhiteElo "2521"]
[BlackElo "2168"]
[TimeControl "180+1"]
[EndTime "10:21:39 PST"]
[Termination "TST2014 won on time"]

1. d4 Nf6 2. c4 g6 3. Nc3 d5 4.
Nf3 Bg7 5. Bg5 Ne4 6. Bh4 Nxc3 7. bxc3 c5 8. e3 Qa5 9. Qb3 cxd4 10. exd4 O-O 11.
cxd5 e6 12. d6 Nc6 13. Rd1 b6 14. Bb5 Bd7 15. O-O Rac8 16. c4 a6 17. Bxc6 Rxc6 18.
Ne5 Rxd6 19. Be7 Bxe5 20. Bxf8 Rxd4 21. Rxd4 Bxd4 22. Bh6 Bc6 23. Qd3 Qc5 24. Be3 e5 25.
Bxd4 exd4 26. Rd1 Qg5 27. g3 Qg4 28. Re1 Kg7 29. Qe2 1-0

[Event "*** Titled Tuesday Blitz"]
[Site "Chess.com"]
[Date "2020.11.24"]
[Round "1"]
[White "Sergienko_Sergey"]
[Black "Anna_ChessMate"]
[Result "1-0"]
[WhiteElo "2335"]
[BlackElo "2600"]
[TimeControl "180+1"]
[EndTime "10:21:40 PST"]
[Termination "Sergienko_Sergey won by resignation"]

1. e4 c6 2. Nc3 d5 3. Nf3 Bg4 4. h3 Bxf3 5. Qxf3 Nf6 6. d3 e6 7.
a3 Nbd7 8. g3 Bc5 9. Bg2 O-O 10.
O-O Qc7 11. Kh1 Rfe8 12. Qe2 Bd4 13. Bd2 e5 14. Rab1 Nc5 15. Nd1 Ne6 16. c3 Bc5 17. Ne3 d4 18. Nf5 dxc3 19. bxc3 Bxa3 20. f4 exf4 21.
gxf4 Rad8 22. e5 Nd5 23. d4 g6 24. Nh6+ Kg7 25. f5 Nf8 26. fxg6 fxg6 27. Rf7+ Qxf7 28.
Nxf7 Kxf7 29. Rxb7+ Kg8 30. Qf1 Be7 31. c4 Nb6 32. d5 cxd5 33. cxd5 Nfd7 34. e6 Nc5 35. Qf7+ Kh8 36. Bc3+ 1-0

[Event "*** Titled Tuesday Blitz"]
[Site "Chess.com"]
[Date "2020.11.24"]
[Round "1"]
[White "BJthechessgod"]
[Black "Beltraxtor"]
[Result "0-1"]
[WhiteElo "2239"]
[BlackElo "2543"]
[TimeControl "180+1"]
[EndTime "10:21:40 PST"]
[Termination "Beltraxtor won by checkmate"]

1. e4 c5 2. Nf3 Nc6 3. Bb5 g6 4.
Bxc6 dxc6 5. d3 Bg7 6. h3 b6 7. Nc3 Nh6 8. Be3 f6 9. Qd2 Nf7 10. a4 O-O 11. b3 e5 12. O-O-O Be6 13. Kb2 Qe7 14. h4 h5 15. Nh2 Rab8 16. Rdg1 b5 17. g4 c4 18. axb5 cxb3 19. cxb3 Qb4 20. Qc2 hxg4 21. Nxg4 cxb5 22. h5 Rfc8 23. h6 Bh8 24.
h7+ Kf8 25. Bh6+ Ke7 26. Bd2 Qd6 27. Qb1 a5 28. Ne3 a4 29. Ned5+ Kd7 30. b4 g5 31. Qd1 Rxc3 32. Bxc3 Bxd5 33. exd5 Qxd5 34. Qg4+ Ke7 35. Qd1 Rc8 36. Rg4 a3+ 37. Kxa3 Rxc3+ 38. Kb2 Rc6 39. Qd2 Qxh1 40. f4 f5 41. Rg2 e4+ 42. Kb3 Qb1+ 43. Ka3 Ra6# 0-1

[Event "*** Titled Tuesday Blitz"]
[Site "Chess.com"]
[Date "2020.11.24"]
[Round "1"]
[White "Grandmaster2B"]
[Black "pirulillo"]
[Result "1-0"]
[WhiteElo "2503"]
[BlackElo "2099"]
[TimeControl "180+1"]
[EndTime "10:21:40 PST"]
[Termination "Grandmaster2B won by checkmate"]

1. e4 c5 2. Nf3 e6 3. d4 cxd4 4.
Nxd4 Nf6 5. Nc3 d6 6. Be3 a6 7.
f3 b5 8. Qd2 Bb7 9. O-O-O Nbd7 10. g4 Nb6 11. Qf2 Nfd7 12. h4 Rc8 13. Nce2 Nc4 14.
Ng3 Be7 15. Bxc4 Rxc4 16. g5 Qa5 17. Kb1 d5 18. Nb3 Qc7 19. exd5 Bxd5 20. Nf5 exf5 21. Rxd5 O-O 22. Rhd1 Nb8 23. Rxf5 Rc8 24. Rd2 Bf8 25. Rfd5 a5 26. Bb6 Qb7 27. Nxa5 Qa8 28. Nxc4 bxc4 29. Rd8 Nc6 30. Rxc8 Qxc8 31. Bc5 g6 32. Bxf8 Qxf8 33. Qb6 Qc8 34. a3 c3 35. Rd6 Qf5 36. Qxc6 h5 37. Qe8+ Kh7 38. Rd8 Qe5 39. Qxe5 f6 40. Qxf6 cxb2 41.
Rh8# 1-0

[Event "*** Titled Tuesday Blitz"]
[Site "Chess.com"]
[Date "2020.11.24"]
[Round "1"]
[White "Chuchofrio1"]
[Black "kingofthenil"]
[Result "1-0"]
[WhiteElo "2416"]
[BlackElo "2758"]
[TimeControl "180+1"]
[EndTime "10:21:43 PST"]
[Termination "Chuchofrio1 won on time"]

1. d4 Nf6 2. c4 c5 3. d5 e6 4. Nc3 exd5 5. cxd5 g6 6. e4 d6 7. f4 Bg7 8. Bb5+ Nfd7 9. Nf3 O-O 10. O-O a6 11.
Bd3 b5 12. Qe1 Re8 13. Qg3 Ra7 14. e5 dxe5 15. f5 e4 16. Nxe4 Ne5 17. Nxe5 Bxe5 18.
Bf4 Nd7 19. Rae1 c4 20. Bc2 Bxb2 21. fxg6 hxg6 22. Ng5 Rxe1 23. Rxe1 Bg7 24. Nxf7 Kxf7 25. Qxg6+ Kg8 26. Re8+ Qxe8 27. Qxe8+ Nf8 28. Qxc8 Rf7 29. Be3 Re7 30. Bc5 Rf7 31. Bf5 1-0

[Event "*** Titled Tuesday Blitz"]
[Site "Chess.com"]
[Date "2020.11.24"]
[Round "1"]
[White "Witik"]
[Black "ChronicUnhappiness"]
[Result "1-0"]
[WhiteElo "2701"]
[BlackElo "2369"]
[TimeControl "180+1"]
[EndTime "10:21:43 PST"]
[Termination "Witik won by resignation"]

1. d4 d5 2. Bf4 Bf5 3. e3 e6 4. c4 Bb4+ 5. Nc3 c5 6. cxd5 exd5 7. Nf3 Nf6 8. Bb5+ Nc6 9. O-O O-O 10. dxc5 Bxc3 11. bxc3 Ne4 12. Rc1 Qa5 13. Bxc6 bxc6 14. Nd4 Bd7 15. c4 Qxc5 16. f3 Nf6 17. cxd5 Qxd5 18. e4 Qa5 19. Nb3 Qb6+ 20. Nc5 Rad8 21. Kh1 Bc8 22. Qc2 h6 23. Qc3 Rfe8 24. Be5 Nh5 25.
g4 f6 26. Bd4 Qc7 27. gxh5 Qf4 28. Be3 Qh4 29. Rg1 Qxh5 30. Qxf6 1-0

[Event "*** Titled Tuesday Blitz"]
[Site "Chess.com"]
[Date "2020.11.24"]
[Round "1"]
[White "alexrustemov"]
[Black "AbdAlAgathos"]
[Result "0-1"]
[WhiteElo "2646"]
[BlackElo "2372"]
[TimeControl "180+1"]
[EndTime "10:21:43 PST"]
[Termination "AbdAlAgathos won by checkmate"]

1. d4 d6 2. e4 g6 3. c4 Bg7 4. Nc3 c5 5. d5 Bxc3+ 6. bxc3 f5 7. h4 Nf6 8. h5 Rg8 9. hxg6 hxg6 10. exf5 Bxf5 11.
Ne2 Qa5 12. Qb3 b5 13. Ng3 Nbd7 14. cxb5 Nb6 15. Bd2 c4 16. Bxc4 Ne4 17. Nxe4 Bxe4 18. O-O Rc8 19. Be2 Bxd5 20. Qc2 Bc4 21. Be3 Qxb5 22.
a4 Qc6 23. a5 Nd5 24. Bxa7 Bxe2 25. Qxe2 Nxc3 26. Qg4 Qc4 27. Qxc4 Rxc4 28. a6 Ne2+ 29. Kh2 Rh8# 0-1

[Event "*** Titled Tuesday Blitz"]
[Site "Chess.com"]
[Date "2020.11.24"]
[Round "1"]
[White "Zhigalko_Sergei"]
[Black "SanchezKelvin"]
[Result "0-1"]
[WhiteElo "2899"]
[BlackElo "2467"]
[TimeControl "180+1"]
[EndTime "10:21:44 PST"]
[Termination "SanchezKelvin won on time"]

1. e4 c5 2. Nf3 d6 3. d4 cxd4 4. Qxd4 Nc6 5. Bb5 Qa5+ 6. Nc3 Qxb5 7. Nxb5 Nxd4 8. Nfxd4 Kd8 9. c4 Bd7 10. Bd2 Bxb5 11.
Nxb5 a6 12. Ba5+ Kd7 13. Nc7 Rc8 14. Nd5 Ke8 15. Nc7+ Kd7 16. Nd5 Ke8 17. Ke2 e6 18.
Nb6 Rc6 19. b4 Nf6 20. f3 Nd7 21. b5 Rc5 22. a4 Be7 23. Rhc1 Bd8 24. Nxd7 Kxd7 25.
Bb4 Rc8 26. Rd1 Rxc4 27. Bxd6 Kc8 0-1

[Event "*** Titled Tuesday Blitz"]
[Site "Chess.com"]
[Date "2020.11.24"]
[Round "1"]
[White "SantoBlue"]
[Black "RobPeresian"]
[Result "1-0"]
[WhiteElo "2897"]
[BlackElo "2441"]
[TimeControl "180+1"]
[EndTime "10:21:45 PST"]
[Termination "SantoBlue won by checkmate"]

1. Nf3 d5 2. b3 Bg4 3. Bb2 Bxf3 4.
exf3 Nd7 5. g3 Ngf6 6. Bg2 g6 7. O-O Bg7 8. d4 O-O 9. f4 e6 10. Nd2 a5 11. a4 c6 12. Nf3 Ne4 13. Ne5 Ndf6 14.
Qd3 Re8 15. Rfe1 Qb6 16. g4 Nd6 17. g5 Nh5 18. Qd2 Bf8 19. Bf3 Ng7 20. Ng4 Be7 21.
Ba3 Ngf5 22. Rad1 Rad8 23. Re5 Kg7 24. Bc5 Qc7 25. c3 b6 26. Ba3 c5 27. dxc5 bxc5 28. Bb2 c4 29. Qe2 Rb8 30. b4 Nh4 31. b5 Ndf5 32. Nf6 Nxf3+ 33. Qxf3 Bxf6 34. gxf6+ Kxf6 35. Ba3 Kg7 36. Rb1 Rb6 37. Qd1 f6 38. Re1 Qxf4 39. Bc5 Rb7 40. b6 Nh4 41. Re3 Nf5 42. Re1 h5 43.
Rb5 h4 44. h3 Rh8 45. Rxa5 Rh5 46. Ra7 Rg5+ 47. Kh1 Ng3+ 48. fxg3 Qxg3 49. Rxb7+ Kh6 50.
Bf8# 1-0

[Event "*** Titled Tuesday Blitz"]
[Site "Chess.com"]
[Date "2020.11.24"]
[Round "1"]
[White "GM_dmitrij"]
[Black "No_t_ime_to_die"]
[Result "1-0"]
[WhiteElo "2882"]
[BlackElo "2438"]
[TimeControl "180+1"]
[EndTime "10:21:45 PST"]
[Termination "GM_dmitrij won by resignation"]

1. Nf3 Nf6 2. e3 g6 3. d4 Bg7 4. c4 c5 5. d5 b5 6. cxb5 a6 7.
Nc3 O-O 8. a4 e6 9. bxa6 Bxa6 10. Bxa6 Nxa6 11. O-O Nb4 12. e4 exd5 13. e5 Ng4 14.
Nxd5 Nxe5 15. Nxb4 cxb4 16. Rb1 Nxf3+ 17. Qxf3 Rxa4 18.
Bf4 d5 19. Rfd1 Ra5 20. Qg3 Qd7 21. Bd6 Rc8 22. Bxb4 Rb5 23. Bc3 Bxc3 24. bxc3 Rxb1 25. Rxb1 Qc6 26. Rc1 Qc4 27. Rd1 Qxc3 28. Qg4 d4 29. h4 Rd8 30. Qg5 Rd7 31. Qe5 Qc2 32. Ra1 Rd8 33. Qf6 Qc8 34. h5 gxh5 35. g3 d3 36.
Ra5 d2 37. Rg5+ Kf8 38. Qh6+ Ke7 39. Re5+ Kd7 40. Qxd2+ Kc7 41. Rc5+ Kb6 42. Qb4+ 1-0

[Event "*** Titled Tuesday Blitz"]
[Site "Chess.com"]
[Date "2020.11.24"]
[Round "1"]
[White "KetiGrant"]
[Black "Shahinyan_ChessMood"]
[Result "0-1"]
[WhiteElo "2427"]
[BlackElo "2838"]
[TimeControl "180+1"]
[EndTime "10:21:45 PST"]
[Termination "Shahinyan_ChessMood won on time"]

1. e4 d6 2. d4 Nf6 3. Nc3 e5 4. Nf3 Nbd7 5. Bc4 Be7 6. O-O O-O 7. a4 c6 8. a5 h6 9. Re1 exd4 10.
Nxd4 Ne5 11. Bb3 Re8 12. h3 Bd7 13. f4 Ng6 14. Be3 Qc7 15. Qf3 Bf8 16. Qg3 Nh8 17.
Nf5 Bxf5 18. exf5 d5 19. Bd4 Nh5 20. Qg4 Qxf4 21. Rf1 Qxg4 22. hxg4 Ng3 23. Rf3 Ne4 24. Nxe4 Rxe4 25. c3 Rxg4 26. Re1 f6 27. Re6 Nf7 28. a6 c5 29. Bxd5 cxd4 30. axb7 Rb8 31. Rd3 Kh7 0-1

[Event "*** Titled Tuesday Blitz"]
[Site "Chess.com"]
[Date "2020.11.24"]
[Round "1"]
[White "HanSchut"]
[Black "Susal_De_Silva"]
[Result "1/2-1/2"]
[WhiteElo "2211"]
[BlackElo "2522"]
[TimeControl "180+1"]
[EndTime "10:21:46 PST"]
[Termination "Game drawn by repetition"]

1. e4 c5 2. Nf3 d6 3. d4 cxd4 4. Nxd4 Nf6 5. f3 Nc6 6. c4 e6 7. Be3 a6 8. Nc3 Be7 9. Rc1 Bd7 10. Be2 O-O 11. O-O Rc8 12. Qd2 Ne5 13. b3 Re8 14. Rfd1 Ng6 15. Bf1 d5 16. cxd5 Ba3 17. Rc2 exd5 18. Nxd5 Nxd5 19. exd5 Bc5 20. Rxc5 Rxc5 21.
Ne6 Bxe6 22. Bxc5 Bf5 23. Qd4 Qd7 24. g4 Nh4 25. Qf2 Bxg4 26. Qxh4 Bxf3 27. Qg3 Bxd1 28. Bd4 g6 29. Bg2 Qg4 30. Qxg4 Bxg4 31. d6 Rd8 32. Be5 b5 33. Bb7 a5 34. Bc6 Bd7 35. Bf6 Bxc6 36.
Bxd8 a4 37. bxa4 bxa4 38. Kf2 Kf8 39. Be7+ Ke8 40. h4 Kd7 41. a3 Ke6 42. Ke3 h6 43. Kf4 f6 44. Bf8 g5+ 45. hxg5 hxg5+ 46. Kg4 Kf7 47. Be7 Kg6 48. Kg3 Bd7 49. Bd8 Kf5 50. Be7 Ke6 51. Bf8 Bc6 52. Kg4 Bd5 53. Be7 Bc6 54. Bf8 1/2-1/2

[Event "*** Titled Tuesday Blitz"]
[Site "Chess.com"]
[Date "2020.11.24"]
[Round "1"]
[White "arjwezhrtdrz"]
[Black "suyu28"]
[Result "1/2-1/2"]
[WhiteElo "2321"]
[BlackElo "2601"]
[TimeControl "180+1"]
[EndTime "10:21:47 PST"]
[Termination "Game drawn by repetition"]

1. e4 c6 2. d4 d5 3. exd5 cxd5 4.
Bd3 Nc6 5. c3 Nf6 6. Bf4 Bg4 7.
Qb3 Qd7 8. Nd2 e6 9. Ngf3 Bxf3 10.
Nxf3 Bd6 11. Bxd6 Qxd6 12. O-O Qc7 13. Rae1 O-O 14. Ne5 Nxe5 15. Rxe5 Ng4 16. Rh5 g6 17. Rh4 f5 18. Re1 Rae8 19. f3 Nf6 20. Qd1 Kg7 21.
Qd2 e5 22. Qh6+ Kg8 23. dxe5 Rxe5 24. Rxe5 Qxe5 25. Qd2 Re8 26. Rd4 Kg7 27. Bf1 Re7 28. g3 Qc7 29. Qf2 b6 30. Rd2 Qc5 31. Re2 Kf7 32. Rxe7+ Kxe7 33. Kg2 Kf7 34. Qd2 Ne8 35. Qh6 Nf6 36. Qd2 a5 37. a3 Ne8 38. Qh6 Nf6 39.
Qd2 Ke6 40. Qe2+ Kd7 41. Qd2 Ke7 42. Qe2+ Kf7 43. Qd2 1/2-1/2

[Event "*** Titled Tuesday Blitz"]
[Site "Chess.com"]
[Date "2020.11.24"]
[Round "1"]
[White "ZverevLev"]
[Black "davidkalashian"]
[Result "1-0"]
[WhiteElo "2275"]
[BlackElo "2543"]
[TimeControl "180+1"]
[EndTime "10:21:47 PST"]
[Termination "ZverevLev won by resignation"]

1. e4 c5 2. Nf3 d6 3. d4 cxd4 4. Nxd4 Nf6 5. Nc3 a6 6. Bg5 e6 7. f4 h6 8. Bxf6 Qxf6 9. Qd2 g5 10. g3 Nc6 11. Nxc6 bxc6 12. O-O-O gxf4 13. gxf4 h5 14. e5 dxe5 15. fxe5 Qh6 16. Bg2 Bd7 17. Ne4 Qxd2+ 18.
Kxd2 Bg7 19. Nf6+ Bxf6 20. exf6 Rg8 21. Be4 Rg4 22. Ke3 O-O-O 23. h3 Rg3+ 24. Kf4 h4 25. Rd3 Rdg8 26. Rhd1 R8g5 27. Rxg3 e5+ 28. Kxg5 hxg3 29. h4 Kc7 30. h5 c5 31. h6 Be6 32. h7 1-0

[Event "*** Titled Tuesday Blitz"]
[Site "Chess.com"]
[Date "2020.11.24"]
[Round "1"]
[White "cukin84"]
[Black "pelmerch"]
[Result "0-1"]
[WhiteElo "2161"]
[BlackElo "2520"]
[TimeControl "180+1"]
[EndTime "10:21:47 PST"]
[Termination "pelmerch won by checkmate"]

1. e4 e5 2. Nf3 Nc6 3. c3 d5 4. Qa4 dxe4 5. Nxe5 Qd5 6. Nxc6 bxc6 7. Bc4 Qc5 8. d3 exd3 9. Be3 Qd6 10. O-O Nf6 11. Bf4 Qc5 12. Nd2 Be7 13. Nb3 Qb6 14.
Be3 Qb8 15. Qxc6+ Bd7 16. Qf3 O-O 17. Bxd3 Bd6 18. Bd4 Bg4 19. Qe3 Qd8 20. Bxf6 Qxf6 21. Qe4 Qh4 22. h3 f5 23. Qd5+ Kh8 24. Qd4 Rad8 25. Qa4 Qh6 26. Nd4 Bxh3 27. gxh3 Qxh3 28. f4 Qg3+ 29. Kh1 Rf6 30. Nxf5 Qh3+ 31. Kg1 Bc5+ 32.
Rf2 Rg6+ 33. Ng3 Rxg3# 0-1

[Event "*** Titled Tuesday Blitz"]
[Site "Chess.com"]
[Date "2020.11.24"]
[Round "1"]
[White "Chessdreamer2020"]
[Black "BlackGod93"]
[Result "1-0"]
[WhiteElo "2516"]
[BlackElo "2149"]
[TimeControl "180+1"]
[EndTime "10:21:47 PST"]
[Termination "Chessdreamer2020 won by resignation"]

1. e4 e5 2. Nc3 Nc6 3. Nf3 Nf6 4.
d4 exd4 5. Nxd4 Bb4 6. Nxc6 bxc6 7. Bd3 d5 8. exd5 O-O 9. O-O cxd5 10. h3 c6 11. Qf3 Rb8 12. Ne2 Bd6 13. b3 Be5 14.
Rb1 Qa5 15. a4 Re8 16. Bf4 Ba6 17. Rbd1 Bxd3 18. Rxd3 Ne4 19. Ng3 Nc5 20. Re3 Bxf4 21. Qxf4 Ne6 22. Qg4 Rb4 23. Qh5 g6 24. Qh6 Qd8 25.
Rfe1 Rb8 26. Nh5 Rb7 27. Nf4 Rbe7 28. Nd3 Ng7 29. Ne5 Nf5 30. Qg5 Nxe3 31. Nxc6 Ng4 32. Nxe7+ Rxe7 33. Qxe7 Qxe7 34. Rxe7 Nf6 35. Rxa7 Kf8 36. a5 Ke8 37. a6 Kd8 38. Rxf7 Nd7 39. Rxd7+ Kxd7 40. a7 d4 41. a8=Q Ke6 42. Qe4+ Kf6 43.
Qxd4+ Kf7 44. b4 Ke6 45. b5 1-0

[Event "*** Titled Tuesday Blitz"]
[Site "Chess.com"]
[Date "2020.11.24"]
[Round "1"]
[White "Vincent_Vega95"]
[Black "lider34"]
[Result "0-1"]
[WhiteElo "2808"]
[BlackElo "2438"]
[TimeControl "180+1"]
[EndTime "10:21:48 PST"]
[Termination "lider34 won on time"]

1. d4 Nf6 2. c4 g6 3. Nc3 Bg7 4. e4 d6 5. Be2 O-O 6. Be3 c5 7. d5 b5 8. cxb5 a6 9. a4 Qa5 10. Bd2 axb5 11. Bxb5 Ba6 12. Nge2 Nbd7 13. O-O Ne5 14. Qc2 c4 15. Nd4 Qb6 16. Nc6 Nxc6 17. dxc6 e6 18. Be3 Qc7 19. Bd4 Ng4 20. Bxg7 Kxg7 21. Qd1 Ne5 22. Qd4 f6 23. Rfd1 Rfd8 24. Rd2 Bxb5 25. Nxb5 Qxc6 26. Nc3 Ra6 27. Rb1 Rb8 28.
h3 Rb7 29. Nb5 Rxa4 30. Nxd6 c3 0-1

[Event "*** Titled Tuesday Blitz"]
[Site "Chess.com"]
[Date "2020.11.24"]
[Round "1"]
[White "mamonika"]
[Black "SchmakAttack"]
[Result "0-1"]
[WhiteElo "2113"]
[BlackElo "2507"]
[TimeControl "180+1"]
[EndTime "10:21:48 PST"]
[Termination "SchmakAttack won by checkmate"]

1. e4 e6 2. d4 d5 3. Nd2 c5 4. exd5 Qxd5 5. Ngf3 cxd4 6. Bc4 Qd7 7. O-O Nc6 8. Nb3 Nf6 9. Bg5 a6 10. Nbxd4 Nxd4 11. Nxd4 Ne4 12. Bh4 b5 13. Bb3 Bb7 14. Re1 Bc5 15. c3 Bxd4 16. cxd4 O-O 17. d5 Nc5 18. dxe6 Qc6 19. exf7+ Kh8 20. Qg4 Nxb3 21.
axb3 Rxf7 22. Re6 Qd5 23. Rae1 Raf8 24. h3 Qxb3 25. Re7 h6 26. Bg3 Qd5 27. Rxf7 Qxg2# 0-1

[Event "*** Titled Tuesday Blitz"]
[Site "Chess.com"]
[Date "2020.11.24"]
[Round "1"]
[White "Thee-Chessboy"]
[Black "esrosenberg"]
[Result "1-0"]
[WhiteElo "2515"]
[BlackElo "2137"]
[TimeControl "180+1"]
[EndTime "10:21:50 PST"]
[Termination "Thee-Chessboy won on time"]

1. d4 Nf6 2. c4 e6 3. Nf3 d5 4. g3 Be7 5. Bg2 O-O 6. O-O dxc4 7.
Ne5 Nc6 8. Bxc6 bxc6 9. Nxc6 Qe8 10. Nxe7+ Qxe7 11. b3 cxb3 12. Qxb3 Qd7 13. Rd1 Rd8 14. Nc3 Ba6 15. Bg5 Rab8 16. Qa3 Bb7 17. f3 Qc6 18. Bxf6 gxf6 19. Ne4 f5 20. Nc5 Ba8 21. Rac1 Qd5 22. Qxa7 Rb2 23. Qxc7 Rxe2 24. Rc3 Rf8 25. Rb3 Rxa2 26.
Qf4 Kh8 27. Qh6 Qd8 28. Nd7 Rg8 29. Ne5 Ra7 30. Qf4 Qg5 31. Qxg5 Rxg5 32. Rb8+ Kg7 33. Rd2 f4 34. Kf2 fxg3+ 35. hxg3 Ra3 36. g4 f6 37. f4 fxe5 38. fxg5 exd4 39. Rxd4 1-0

[Event "*** Titled Tuesday Blitz"]
[Site "Chess.com"]
[Date "2020.11.24"]
[Round "1"]
[White "Unknown_IM"]
[Black "Rud_Makarian"]
[Result "0-1"]
[WhiteElo "2391"]
[BlackElo "2753"]
[TimeControl "180+1"]
[EndTime "10:21:52 PST"]
[Termination "Rud_Makarian won by resignation"]

1. e4 e5 2. Nf3 Nc6 3. Bb5 Nf6 4.
d3 Bc5 5. c3 d6 6. O-O O-O 7. Nbd2 Bd7 8. Ba4 Ne7 9. Bb3 Ng6 10.
h3 Bb6 11. Re1 Nf4 12. Nf1 Re8 13.
Be3 h6 14. Bxb6 axb6 15. Ne3 Bb5 16. Nf5 Nxd3 17. Re3 Nc5 18. Nd2 Bd7 19. Qf3 Bxf5 20. Qxf5 Nxb3 21. Nxb3 Qd7 22. Qf3 Qe6 23. Qe2 Ra4 24.
Nc1 Raa8 25. b3 Rad8 26. c4 c6 27. Nd3 d5 28. exd5 cxd5 29. Rxe5 Qd7 30. Rxe8+ Rxe8 31. Qc2 dxc4 32. Qxc4 Rc8 33. Ne5 Qe8 34. Qf4 Rc5 35. Nf3 Qe4 36. Qb8+ Kh7 37. Re1 Qd5 38. Kh2 Rc2 39. Re5 Qd7 40. Rh5 Nxh5 41. Qe5 Qc7 0-1

[Event "*** Titled Tuesday Blitz"]
[Site "Chess.com"]
[Date "2020.11.24"]
[Round "1"]
[White "ljuks68"]
[Black "Mazetovic"]
[Result "0-1"]
[WhiteElo "2395"]
[BlackElo "2762"]
[TimeControl "180+1"]
[EndTime "10:21:53 PST"]
[Termination "Mazetovic won by resignation"]

1. e4 c5 2. Nf3 Nc6 3. d4 cxd4 4. Nxd4 g6 5. c4 Bg7 6. Be3 Nf6 7. Nc3 O-O 8. Be2 d6 9. f3 Bd7 10. Qd2 Nxd4 11. Bxd4 a5 12. c5 Bc6 13. cxd6 exd6 14. O-O d5 15. e5 Nd7 16. f4 Qe7 17. Rae1 Nc5 18. Bf3 Rfd8 19. Qe3 Ne6 20. Bb6 d4 21.
Bxd8 Rxd8 22. Qc1 Bxf3 23. Rxf3 dxc3 24. Qxc3 b6 25. f5 gxf5 26. Rxf5 Qc5+ 27. Qxc5 Nxc5 28. Rf2 Bf8 29. Rfe2 Ne6 30. Rc1 Bc5+ 31. Kf1 a4 32. Rc4 b5 33. Rg4+ Kf8 34. Rc2 Rd1+ 35. Ke2 Rd5 36.
Re4 Nd4+ 0-1